 Dungeon Crawl Stone Soup version 0.29.0-15-g675c0067aa (webtiles) character file.

Game seed: 13561270065203204054

72 qw the Sneak (level 4, -11/28 HPs)
             Began as a Gargoyle Delver on Sept 11, 2022.
             Mangled by Menkaure (16 damage)
             ... on level 4 of the Dungeon.
             The game lasted 00:00:14 (595 turns).

qw the Sneak (Gargoyle Delver)                       Turns: 595, Time: 00:00:14

Health: -11/28     AC:  6    Str: 17    XL:     4   Next: 25%
Magic:  4/4        EV: 11    Int: 11    God:
Gold:   27         SH:  0    Dex: 11    Spells: 3/3 levels left

rFire   . . .      SeeInvis .   a - +0 hand axe
rCold   . . .      Faith    .   (no shield)
rNeg    + . .      Spirit   .   b - +0 leather armour
rPois   inf        Reflect  .   (no helmet)
rElec   +          Harm     .   (no cloak)
rCorr   .          Rampage  .   (no gloves)
Will    .....                   (no boots)
Stlth   +++.......              (no amulet)
HPRegen 0.09/turn               (no ring)
MPRegen 0.09/turn               (no ring)

@: no status effects
A: sickness immunity, AC +3, negative energy resistance 1, electricity
resistance, torment resistance 1, petrification resistance
a: no special abilities


You were on level 4 of the Dungeon.
You visited 2 branches of the dungeon, and saw 3 of its levels.

You collected 27 gold pieces.


Innate Abilities, Weirdness & Mutations

You are immune to sickness and miasma.
Your stone body is resilient. (AC +3)
You are immune to poison.
You resist negative energy. (rN+)
You are resistant to electric shocks. (rElec)
You are resistant to unholy torment.
You are immune to petrification.


   Skills:
 - Level 3.2 Fighting
 + Level 4.0 Axes
 - Level 1.5 Dodging
 - Level 5.4 Stealth


You had 3 spell levels left.
You didn't know any spells.
Your spell library was empty.

Inventory:

Hand Weapons
 a - a +0 hand axe (weapon)
Armour
 b - a +0 leather armour (worn)
Wands
 g - a wand of digging (3)
Scrolls
 c - a scroll of identify {unknown}
Potions
 f - a potion of haste

Dungeon Overview and Level Annotations

Branches:
Dungeon (5/15)             Temple (1/1) D:4

Altars:
Ashenzari
Elyvilon
Fedhas
Gozag
Hepliaklqana
Kikubaaqudgha
Makhleb
Nemelex Xobeh
Qazlal
Ru
Sif Muna
Vehumet
Wu Jian
Xom
Yredelemnul
Zin

Annotations:
D:4 Menkaure


Message History

You barely miss the orc. The orc barely misses you.
You hit the orc.
You kill the orc!
The orc hits you with a +0 whip.
You hit the orc.
The orc is severely wounded.
The orc hits you with a +0 whip.
You hit the orc.
You kill the orc!
Your Axes skill increases to level 4!
You hit the orc.
The orc is heavily wounded.
The orc hits you but does no damage.
You hit the orc.
The orc is almost dead.
The orc hits you with a +0 club.
You hit the orc.
You kill the orc!
You start resting.
Menkaure, Prince of Dust comes into view.
Menkaure shouts!
Items here: % ))))) ? [.
You hit Menkaure.
Menkaure is lightly damaged.
You completely miss Menkaure.
Menkaure is lightly damaged.
Menkaure hits you.
You hit Menkaure.
Menkaure is moderately damaged.
Menkaure barely misses you.
You hit Menkaure but do no damage.
Menkaure is moderately damaged.
Menkaure calls on the powers of darkness!
You feel a surge of unholy energy.
You slash Menkaure!
Menkaure is heavily damaged.
Menkaure hits you!
Ouch! That really hurt!
You die...

#.#. . #.# #.####..... #
#. #.# #.#........ # #.#
#.#.##..... .##
#.#........ ...
#.#.##.....
####.#########.#####....
......................#.
........######.#########
......M@.)...........#
........###.......##.#
........# #........#
........# #........#
......... .........#
###.....###......?...
####### #.......###
#.......#


You could see Menkaure.

Vanquished Creatures
  2 hounds
  5 orcs (D:4)
  An endoplasm (D:4)
  A giant cockroach (D:4)
  A kobold (D:4)
10 creatures vanquished.

Notes
Turn   | Place    | Note
-------+----------+-------------------------------------------
     0 | D:5      | qw the Gargoyle Delver began the quest for the Orb.
     0 | D:5      | Reached XP level 1. HP: 14/14 MP: 1/1
     0 | D:5      | 0 ||| qw: Version: 0.1-a-118-gb4e7ce6
     0 | D:5      | 0 ||| qw: Game counter: 10468
     0 | D:5      | 0 ||| qw: Always use a shield: true
     0 | D:5      | 0 ||| qw: God list: Okawaru
     0 | D:5      | 0 ||| qw: Allow faded altars: false
     0 | D:5      | 0 ||| qw: Do Orc after D:15 true
     0 | D:5      | 0 ||| qw: Do second Lair branch before Depths: true
     0 | D:5      | 0 ||| qw: Lair rune preference: random
     0 | D:5      | 0 ||| qw: Plans: Normal
     0 | D:5      | 0 ||| PLANNING D:1-11
     2 | D:5      | Noticed a hound
     3 | D:5      | 3 ||| Stepping ~*~*~tactically~*~*~ (stealth).
    14 | D:5      | Killed a hound
    15 | D:5      | Reached skill level 3 in Axes
    15 | D:5      | Reached XP level 2. HP: 11/19 MP: 2/2
    15 | D:5      | Reached XP level 3. HP: 14/23 MP: 3/3
   148 | D:5      | 148 ||| DROPPING scroll of fog.
   149 | D:5      | 149 ||| DROPPING scroll of magic mapping.
   150 | D:5      | 150 ||| DROPPING scroll of fear.
   152 | D:5      | Noticed a scorpion
   153 | D:5      | 153 ||| FLEEEEING.
   154 | D:5      | 154 ||| FLEEEEING.
   158 | D:5      | 158 ||| STAIRDANCE
   295 | D:4      | Found a staircase to the Ecumenical Temple.
   296 | D:4      | 296 ||| PLANNING TEMPLE
   301 | Temple   | Entered the Ecumenical Temple
   455 | Temple   | 455 ||| PLANNING D:1-11
   576 | D:4      | Reached XP level 4. HP: 18/28 MP: 4/4
   587 | D:4      | Noticed Menkaure
   592 | D:4      | HP: 5/28 [Menkaure (5)]
   595 | D:4      | Mangled by Menkaure

Levels and vault maps discovered:
D:4:      layout_basic, minmay_temple_entry_hall, nicolae_shop_dragon_depot,
          uniq_menkaure
D:5:      minmay_general_purpose_star, layout_rooms, general_overflow_altar,
          patterned_corridor
Temple:   nicolae_temple_bog_church

Skill      XL: |  1  2  3  4 |
---------------+-------------+-----
Axes           | 3 4 |  4.0
Fighting       | |  3.2
Dodging        | |  1.5
Stealth        | |  5.4

Action                   |  1- 3 |  4- 6 || total
-------------------------+-------+-------++-------
Melee: Hand axe          |    29 |    13 ||    42
       Punch             |     1 |       ||     1
 Stab: Sleeping          |     1 |       ||     1
Armor: Leather armour    |     8 |     1 ||     9
Dodge: Dodged            |    19 |     2 ||    21

Table legend:
 A = Non-vault XP
 B = Vault XP
 C = Vault XP percentage of total XP
 D = Non-vault monster count
 E = Vault monster count
 F = Vault count percentage of total count
                 A         B        C        D         E       F
            +---------+---------+-------+---------+---------+-------
      Total |     103 |       0 |   0.0 |      10 |       0 |   0.0
            +---------+---------+-------+---------+---------+-------
        D:4 |      61 |       0 |   0.0 |       9 |       0 |   0.0
        D:5 |      42 |       0 |   0.0 |       1 |       0 |   0.0
            +---------+---------+-------+---------+---------+-------
